 Dungeon Crawl Stone Soup version 0.29-a0-19-gef7f3e67aa (webtiles) character file.

Game seed: 1064125403514787411

320273 Nattfarinn the Executioner (level 20, 0/202 HPs)
             Began as a Minotaur Berserker on Jan 29, 2022.
             Was a High Priest of Trog.
             Killed from afar by a servant of whispers (25 damage)
             ... with a bolt of lightning
             ... in the Desolation of Salt.
             The game lasted 01:50:42 (58632 turns).

Nattfarinn the Executioner (Minotaur Berserker)    Turns: 58632, Time: 01:50:43

Health: 0/202      AC: 30    Str: 34    XL:     20   Next: 62%
Magic:  19/19      EV: 15    Int:  4    God:    Trog [*****.]
Gold:   669        SH: 16    Dex: 18    Spells: 19/19 levels left

rFire   + + +      SeeInvis +   W - +8 whip "Snakebite" {venom, curare, rPois}
rCold   + + +      Faith    .   X - +3 buckler {rC+}
rNeg    . . .      Spirit   .   v - +4 chain mail "Akask" {rF+ rC+ Str+2}
rPois   +          Reflect  +   P - +1 hat of Refuge {Str+3 Dex+4 SInv}
rElec   .          Harm     .   Y - scarf {rC+ rF+}
rCorr   +          Rampage  .   U - +3 pair of gauntlets of War {Slay+5}
Will    +++..                   Q - +2 pair of boots
Stlth   +.........              i - amulet of reflection
HPRegen 1.43/turn               x - ring of flight
MPRegen 0.16/turn               j - ring of Accord {Drain rPois rF+ rCorr Stlth+}

@: strong-willed, flying, regenerating
A: horns 2, retaliatory headbutt, hooves 1, thin skeletal structure 1
}: 2/15 runes: decaying, serpentine
a: Renounce Religion, Berserk, Trog's Hand, Brothers in Arms


You were in the Desolation of Salt.
You worshipped Trog.
Trog was extremely pleased with you.
You visited 7 branches of the dungeon, and saw 36 of its levels.
You visited the Abyss 1 time.
You also visited: Ice Cave and Desolation.

You collected 3863 gold pieces.
You spent 3194 gold pieces at shops.

Inventory:

Hand Weapons
 I - the +3 dagger of Pageziet {flame, Str+3 Dex+3 Stlth+}
   (You found it on level 3 of the Swamp)

   It burns those it strikes, dealing additional fire damage.
   Str:       It affects your strength (+3).
   Dex:       It affects your dexterity (+3).
   Stlth:     It makes you more stealthy.
 W - the +8 whip "Snakebite" (weapon) {venom, curare, rPois}
   (You found it on level 4 of the Lair of Beasts)

   It poisons the flesh of those it strikes.
   It occasionally inflicts asphyxiating poison on those it strikes, dealing
   poison damage and causing slowness.
   rPois:     It protects you from poison.
Missiles
 E - 3 throwing nets (quivered)
Armour
 g - the +3 plate armour of the Monkey's Uncle {Str+6}
   (You found it on level 6 of the Lair of Beasts)

   Str:       It affects your strength (+6).
 v - the +4 chain mail "Akask" (worn) {rF+ rC+ Str+2}
   (You found it on level 5 of the Dungeon)

   Str:       It affects your strength (+2).
   rF:        It protects you from fire.
   rC:        It protects you from cold.
 P - the +1 hat of Refuge (worn) {Str+3 Dex+4 SInv}
   (You acquired it on level 8 of the Dungeon)

   Str:       It affects your strength (+3).
   Dex:       It affects your dexterity (+4).
   SInv:      It lets you see invisible.
 Q - a +2 pair of boots (worn)
 U - the +3 pair of gauntlets of War (worn) {Slay+5}
   (You acquired it on level 8 of the Dungeon)

   Slay:      It affects your accuracy & damage with ranged weapons and melee
   (+5).
 X - a +3 buckler of cold resistance (worn)
 Y - a scarf of resistance (worn)
Jewellery
 i - an amulet of reflection (around neck)
 j - the ring of Accord (right hand) {Drain rPois rF+ rCorr Stlth+}
   (You bought it in a shop on level 1 of the Elven Halls)

   [ring of protection from fire]

   rF:        It protects you from fire.
   rPois:     It protects you from poison.
   rCorr:     It protects you from acid and corrosion.
   Drain:     It drains your maximum health when unequipped.
   Stlth:     It makes you more stealthy.
 x - a ring of flight (left hand)
Wands
 a - a wand of digging (13)
 c - a wand of mindburst (17)
 q - a wand of charming (35)
 t - a wand of polymorph (4)
 y - a wand of flame (43)
 G - a wand of paralysis (11)
 K - a wand of acid (33)
 T - a wand of iceblast (5)
Scrolls
 b - 2 scrolls of torment
 d - 5 scrolls of blinking
 e - 13 scrolls of fog
 h - 7 scrolls of teleportation
 k - 2 scrolls of fear
 n - 7 scrolls of silence
 s - 3 scrolls of summoning
 w - 3 scrolls of holy word
 A - 3 scrolls of enchant weapon
 C - 5 scrolls of magic mapping
 F - 7 scrolls of vulnerability
 J - 3 scrolls of brand weapon
 M - 3 scrolls of immolation
Potions
 f - 3 potions of cancellation
 l - 5 potions of mutation
 m - 7 potions of attraction
 o - 6 potions of heal wounds
 p - 14 potions of curing
 r - 6 potions of brilliance
 u - 6 potions of invisibility
 z - 3 potions of flight
 B - 6 potions of might
 D - 5 potions of haste
 L - 5 potions of berserk rage
 N - 2 potions of resistance
 O - 2 potions of ambrosia
 S - 6 potions of lignification
 V - a potion of magic
Miscellaneous
 H - a phial of floods
 R - a box of beasts
 Z - a phantom mirror


   Skills:
 - Level 22.9 Fighting
 * Level 24.8 Axes
 - Level 22.7 Armour
 - Level 9.7 Dodging
 - Level 15.4 Shields
 - Level 7.0 Evocations


You had 19 spell levels left.
You didn't know any spells.
Your spell library was empty.

Dungeon Overview and Level Annotations

Branches:
Dungeon (15/15)            Temple (0/1) D:4            Lair (6/6) D:9
  Swamp (4/4) Lair:4        Snake (4/4) Lair:4        Slime (0/5) Lair:6
    Orc (2/2) D:11            Elf (2/3) Orc:2        Vaults (3/5) D:13
  Crypt (0/3) Vaults:3     Depths (0/4) D:15          IceCv (visited)
Desolation (1/1)

Altars:
Cheibriados
Elyvilon
Hepliaklqana
Kikubaaqudgha
Sif Muna
Xom
Zin
The Shining One
Beogh
Jiyva

Shops:
D:4 :!:   D:10 !   Orc:2 *(:?   Elf:1 =:=   Elf:2 :   Snake:1 [

Annotations:
D:7 3 runed translucent doors, raistware's ghost, novice HuCj
D:14 3 runed translucent doors, Jakan's ghost, adept VSIE
Elf:2 5 runed translucent doors


Innate Abilities, Weirdness & Mutations

You have a pair of horns on your head.
You reflexively headbutt those who attack you in melee.
You have large cloven feet.
You have a somewhat thin skeletal structure. (Dex +2, Stealth+)


Message History

Your troll goes berserk!
You block the saltling's attack. x2
The servant of whispers hits you but does no damage.
The servant of whispers mumbles some strange prayers to its god against you.
The bolt of lightning hits your troll!! The bolt of lightning hits you!!
* * * LOW HITPOINT WARNING * * *
You block the saltling's attack.
The guardian serpent casts a spell at you.
The servant of whispers blinks! x2
The saltling hits you but does no damage.
Unknown command.
You feel much better. The saltling hits you!
* * * LOW HITPOINT WARNING * * *
The servant of whispers hits you with a +0 spear!
* * * LOW HITPOINT WARNING * * *
The saltling closely misses you.
You block the servant of whispers's attack.
Your troll bites the saltling.
Your troll claws the saltling!
The saltling is destroyed!
Trog accepts your kill. The saltling barely misses you. The saltling hits you!
* * * LOW HITPOINT WARNING * * *
Blink to where?
Press: ? - help, Dir - move target
As you read the scroll of blinking, it crumbles to dust.
Something hits your troll!!
The servant of whispers prays to its god.
The air becomes perfectly still.
The servant of whispers hits your troll with a +0 spear.
The saltling hits your troll!
The guardian serpent coils itself and waves its upper body at you.
The saltling blinks!
The servant of whispers blinks!
The saltling blinks!
The servant of whispers blinks!
The servant of whispers hits you with a +0 spear!
* * * LOW HITPOINT WARNING * * *
You block the saltling's attack.
The saltling hits you but does no damage.
The servant of whispers mumbles some strange prayers to its god against you.
The bolt of lightning hits you!!
You die...

...............
...............
...............
...............
..................
...................
............∩.......
....#........9......
...........9@.......
.....#......aa......
....................
....................
........).T.....#...
.......S#........#..
......).............
....................
................#...


You could see 2 servants of whispers, a guardian serpent, 2 saltlings and a
friendly troll (summoned, berserk).

Vanquished Creatures
  2 tentacled monstrosities (Swamp:4)
  Gastronok (Lair:2)
  Frances (Elf:1)
  Donald (Snake:1)
  A storm dragon (D:14)
  Kirke (D:12)
  2 thorn hunters
  An azure jelly (Lair:6)
  5 fenstrider witches
  Roxanne (Swamp:2)
  7 nagarajas
  A deep elf sorcerer (Elf:2)
  4 vault wardens
  A frost giant (D:14)
  2 orc warlords
  The ghost of Grim the Fighter, a journeyman MiBe of Trog (Lair:6)
  8 ironbound preservers
  A ghoul (Swamp:4)
  A reaper (Swamp:4)
  2 angels (Vaults:3)
  A very ugly thing (D:14)
  The ghost of Ludaler the Severer, a journeyman DDGl of Trog (Lair:5)
  Nessos (D:12)
  6 ironbound thunderhulks
  2 deep elf demonologists
  3 bunyips (Swamp:3)
  An eleionoma (Swamp:2)
  The ghost of Zaczunit the Grappler, a journeyman TrAM of Wu Jian (Lair:2)
  3 dire elephants (Vaults:1)
  2 deep elf annihilators
  A fire dragon (D:15)
  A green death (Swamp:4)
  3 shambling mangroves
  4 yaktaur captains
  Josephine (D:11)
  A ragged hierophant (Desolation)
  3 vault guards (Vaults:1)
  Fannar (Lair:1)
  20 hydras
  2 salamander tyrants
  Erolcha (D:11)
  A servant of whispers (Desolation)
  A rakshasa (D:14)
  A catoblepas (D:13)
  12 naga warriors
  13 anacondas
  9 boulder beetles
  2 spriggan air magi
  An ice dragon (D:15)
  9 centaur warriors
  5 ogre magi
  14 two-headed ogres
  5 ghost crabs
  6 ironbound frosthearts
  Erica (D:11)
  3 alligators
  4 death knights
  23 dancing weapons
  3 tengu warriors
  A deep troll earth mage (D:14)
  5 orc high priests (Orc:2)
  8 shock serpents
  Sonja (D:12)
  Urug (Lair:2)
  13 slime creatures
  A spriggan berserker (Swamp:4)
  14 deep elf knights
  Nergalle (D:10)
  11 naga sharpshooters
  A soul eater (Swamp:4)
  9 goliath frogs
  24 deep trolls
  3 salamander mystics
  5 spriggan druids
  4 swamp dragons (Swamp:4)
  9 naga ritualists
  5 wizards
  A death drake (Swamp:2)
  A swamp dragon (shapeshifter) (Elf:1)
  5 ironbound convokers
  5 lindwurms
  4 orc knights (Orc:2)
  13 deep elf archers
  3 wolf spiders
  20 mana vipers
  32 deep elf pyromancers
  9 orc sorcerers
  4 will-o-the-wisps
  6 cyclopes
  4 manticores
  15 ugly things
  14 deep elf zephyrmancers
  10 salamanders
  8 elephants (Lair:5)
  3 centaur zombies
  58 black mambas
  12 naga magi
  12 guardian serpents
  6 vault sentinels
  2 gargoyles
  4 orange demons (Swamp:4)
  18 cane toads
  2 ice statues (IceCv)
  5 rime drakes
  A torpor snail (Lair:5)
  2 demonic crawlers (Elf:1)
  9 yaktaurs
  2 kobold demonologists (D:11)
  A hellwing (Swamp:4)
  3 freezing wraiths
  11 komodo dragons
  A queen bee (Lair:6)
  A bloated husk (Swamp:3)
  A meliai (D:14)
  14 hornets
  4 polar bears
  14 tyrant leeches
  12 trolls
  A meliai (shapeshifter) (D:14)
  13 saltlings (Desolation)
  3 tarantellas (Lair:5)
  8 dream sheep (Lair:4)
  4 blink frogs (Lair:4)
  A dream sheep (shapeshifter) (Elf:2)
  A centaur simulacrum (D:14)
  4 wraiths (D:11)
  3 jumping spiders (shapeshifter)
  A shadow (D:10)
  8 spriggans
  15 wyverns
  An air elemental (Elf:2)
  6 basilisks
  41 yaks
  2 water elementals (Elf:1)
  A fire elemental (Lair:4)
  3 chaos spawn (Swamp:4)
  3 neqoxecs (Swamp:4)
  6 redbacks
  A steam dragon (D:6)
  4 wargs
  17 vampire mosquitoes
  18 nagas
  13 swamp worms
  4 acid dragons
  27 water moccasins
  A large abomination (D:9)
  A hornet zombie (D:8)
  42 orc warriors
  2 swamp drakes
  A sky beast (D:6)
  A boggart (Lair:2)
  16 wolves
  2 necrophages
  12 centaurs
  13 ogres
  A phantom (D:5)
  9 kobold brigands
  12 bullfrogs
  2 earth elementals
  A gnoll sergeant (D:8)
  A scorpion (D:7)
  2 elephant simulacra (IceCv)
  3 wights (D:8)
  10 killer bees
  2 howler monkeys (D:12)
  4 lava snakes
  A centaur skeleton (D:7)
  27 orc priests
  2 hounds
  4 jellies
  12 orc wizards
  Natasha (thrice) (D:2)
  5 iguanas
  2 polar bear simulacra (IceCv)
  2 small abominations (D:9)
  A hound zombie (D:5)
  2 howler monkey zombies (D:10)
  11 gnolls
  10 adders
  2 white imps (D:6)
  An adder skeleton (D:4)
  3 worms
  The ghost of fritzmikael the Sneak, a weakling DsDe (D:5)
  3 dart slugs
  76 orcs
  10 bats
  7 endoplasms
  5 giant cockroaches
  9 goblins
  6 hobgoblins
  5 jackals
  39 kobolds
  5 quokkas
  11 ball pythons
  4 frilled lizards
  7 rats
  A briar patch (Swamp:2)
  2 plants (Lair:5)
1310 creatures vanquished.

Vanquished Creatures (collateral kills)
  Bai Suzhen (Snake:4)
  Vashnia (Snake:2)
  Saint Roka (Snake:4)
  Mlioglotl (Snake:4)
  Agnes (Snake:4)
  Aizul (Snake:1)
  2 naga warriors
  2 anacondas (Snake:4)
  A shock serpent (Snake:3)
  9 naga sharpshooters
  A salamander mystic (Snake:4)
  A naga ritualist (Snake:3)
  A mana viper (Snake:4)
  2 salamanders (Snake:4)
  3 naga magi (Snake:4)
  A saltling (Desolation)
  6 nagas (Snake:4)
  2 orc warriors (Snake:4)
  4 large abominations (D:9)
  5 small abominations (D:9)
  An orc wizard (Snake:4)
  4 orcs (Snake:4)
51 creatures vanquished.

Vanquished Creatures (others)
  A dancing weapon (Elf:2)
  A goliath frog (Swamp:2)
  A deep elf zephyrmancer (Elf:1)
  A will-o-the-wisp (Swamp:2)
  An orange demon (Swamp:4)
  3 bloated husks
  A golden eye (shapeshifter) (Elf:1)
  3 humans (D:12)
  A swamp worm (Swamp:2)
  An orc warrior (Orc:2)
  2 briar patches (Swamp:2)
  28 foxfires
  24 fungi
  61 plants
129 creatures vanquished.

Grand Total: 1490 creatures vanquished

Notes
Turn   | Place    | Note
-------+----------+-------------------------------------------
     0 | D:1      | Nattfarinn the Minotaur Berserker began the quest for the
                  | Orb.
     0 | D:1      | Reached XP level 1. HP: 19/19 MP: 0/0
   127 | D:1      | Reached skill level 4 in Axes
   158 | D:1      | Reached XP level 2. HP: 27/27 MP: 1/1
   386 | D:1      | Reached ** piety under Trog
   684 | D:1      | Reached XP level 3. HP: 24/33 MP: 2/2
  1199 | D:2      | Reached skill level 5 in Axes
  1684 | D:2      | Noticed Natasha
  1696 | D:2      | Killed Natasha
  1697 | D:2      | Reached XP level 4. HP: 32/41 MP: 3/3
  2047 | D:2      | Found a faded altar of an unknown god.
  2078 | D:2      | You fall into a shaft and drop 2 floors!
  2303 | D:4      | Found Tocwi's Book Shoppe.
  2348 | D:2      | Noticed Natasha
  2353 | D:2      | Killed Natasha
  2354 | D:2      | Reached skill level 5 in Fighting
  2354 | D:2      | Reached skill level 6 in Axes
  2354 | D:2      | Reached XP level 5. HP: 48/48 MP: 4/4
  2452 | D:2      | Noticed Natasha
  2460 | D:2      | Killed Natasha
  2930 | D:3      | Reached *** piety under Trog
  3584 | D:4      | Found Foerue's Book Boutique.
  3796 | D:4      | Found Asieno's Distillery.
  3806 | D:4      | Bought a potion of mutation for 104 gold pieces
  3806 | D:4      | Bought a potion of curing for 39 gold pieces
  3893 | D:4      | Found a staircase to the Ecumenical Temple.
  4025 | D:4      | Reached skill level 7 in Axes
  4079 | D:4      | Noticed an ogre
  4082 | D:4      | Reached XP level 6. HP: 56/56 MP: 5/5
  4318 | D:5      | Entered Level 5 of the Dungeon
  4361 | D:5      | Reached skill level 8 in Axes
  4495 | D:5      | Reached XP level 7. HP: 48/64 MP: 3/6
  4686 | D:5      | Found a runed translucent door.
  4689 | D:5      | Noticed fritzmikael's ghost (weakling DsDe)
  4907 | D:5      | Reached skill level 9 in Axes
  5032 | D:5      | Found a snail-covered altar of Cheibriados.
  5061 | D:5      | Identified the ring "Doyskim" {Ice Int+3}
  5257 | D:5      | Killed fritzmikael's ghost
  5263 | D:5      | Identified the +4 chain mail "Akask" {rF+ rC+ Str+2}
  5387 | D:6      | Reached **** piety under Trog
  5824 | D:6      | Noticed a steam dragon
  5847 | D:6      | Killed a steam dragon
  5848 | D:6      | Reached skill level 10 in Axes
  5848 | D:6      | Reached XP level 8. HP: 43/73 MP: 4/7
  6975 | D:7      | Noticed raistware's ghost (novice HuCj)
  6979 | D:7      | Found a runed translucent gate.
  6979 | D:7      | Found a runed translucent gate.
  6979 | D:7      | Found a runed translucent gate.
  7040 | D:7      | Reached skill level 11 in Axes
  7200 | D:7      | Found an ancient bone altar of Kikubaaqudgha.
  7563 | D:8      | Found Vinuwu's Magic Scroll Boutique.
  7602 | D:7      | Reached skill level 12 in Axes
  7602 | D:7      | Reached XP level 9. HP: 37/83 MP: 4/8
  7962 | D:8      | Bought a scroll of enchant armour for 82 gold pieces
  7962 | D:8      | Bought a scroll of fear for 38 gold pieces
  7962 | D:8      | Bought a scroll of blinking for 82 gold pieces
  7962 | D:8      | Bought a scroll of enchant weapon for 82 gold pieces
  7962 | D:8      | Bought a scroll of teleportation for 33 gold pieces
  7962 | D:8      | Bought a scroll of fog for 22 gold pieces
  8268 | D:8      | Reached skill level 13 in Axes
  8451 | D:8      | Reached skill level 10 in Fighting
  8859 | D:8      | Noticed a komodo dragon
  8869 | D:8      | Killed a komodo dragon
  8870 | D:8      | Reached skill level 14 in Axes
  9216 | D:9      | Found a staircase to the Lair.
  9277 | D:9      | Noticed a gargoyle
  9296 | D:9      | Killed a gargoyle
  9297 | D:9      | Reached XP level 10. HP: 94/94 MP: 6/9
 10047 | D:9      | Noticed a wizard
 10052 | D:9      | Killed a wizard
 10083 | D:9      | Noticed a large abomination
 10095 | D:9      | Reached skill level 15 in Axes
 10097 | D:9      | Noticed a large abomination
 10100 | D:9      | Killed a large abomination
 10101 | D:9      | Killed a large abomination
 10410 | D:10     | Entered Level 10 of the Dungeon
 10410 | D:10     | Found Tuepyg's Distillery.
 10430 | D:10     | Noticed a gargoyle
 10453 | D:10     | Killed a gargoyle
 10456 | D:10     | Bought a potion of curing for 36 gold pieces
 10456 | D:10     | Bought a potion of curing for 36 gold pieces
 10456 | D:10     | Bought a potion of curing for 36 gold pieces
 10456 | D:10     | Bought a potion of heal wounds for 60 gold pieces
 10695 | D:10     | Reached skill level 16 in Axes
 11036 | D:10     | Reached XP level 11. HP: 93/104 MP: 10/10
 11147 | D:10     | Noticed a death knight
 11159 | D:10     | Killed a death knight
 11401 | D:10     | Identified the -6 pair of gloves of the Lair of Beasts {rF-
                  | rC++}
 11476 | D:10     | Noticed Nergalle
 11485 | D:10     | Killed Nergalle
 11486 | D:10     | Reached skill level 17 in Axes
 11577 | D:11     | Noticed Erolcha
 11584 | D:11     | Killed Erolcha
 11796 | D:11     | Noticed Erica
 11808 | D:11     | Killed Erica
 11837 | D:11     | Noticed a death knight
 11845 | D:11     | Killed a death knight
 11846 | D:11     | Reached skill level 18 in Axes
 12094 | D:11     | Found a staircase to the Orcish Mines.
 12318 | D:11     | Paralysed by a hornet for 3 turns
 12632 | D:11     | Noticed Josephine
 12647 | D:11     | Killed Josephine
 12655 | D:11     | Reached XP level 12. HP: 89/116 MP: 5/11
 13051 | Lair:1   | Entered Level 1 of the Lair of Beasts
 13074 | Lair:1   | Reached skill level 19 in Axes
 13437 | Lair:1   | Noticed a four-headed hydra
 13441 | Lair:1   | Noticed Fannar
 13448 | Lair:1   | Killed a four-headed hydra
 13462 | Lair:1   | Killed Fannar
 14434 | Lair:2   | Noticed a five-headed hydra
 14435 | Lair:2   | Noticed a six-headed hydra
 14440 | Lair:2   | Reached skill level 20 in Axes
 15003 | Lair:2   | Found a runed translucent door.
 15003 | Lair:2   | Noticed Zaczunit's ghost (journeyman TrAM)
 15036 | Lair:2   | Noticed Urug
 15044 | Lair:2   | Killed Urug
 15220 | Lair:2   | Noticed a four-headed hydra
 15229 | Lair:2   | Killed a four-headed hydra
 15278 | Lair:2   | Killed a six-headed hydra
 15468 | Lair:2   | You fall into a shaft and drop 1 floor!
 15555 | Lair:3   | Reached skill level 21 in Axes
 15969 | Lair:3   | Noticed a five-headed hydra
 15975 | Lair:2   | Noticed Gastronok
 15979 | Lair:2   | Killed a five-headed hydra
 15994 | Lair:2   | Killed Gastronok
 16079 | Lair:2   | Identified the +4 trident "Demonbane" {venom, rC+ Will++}
 16590 | Lair:3   | Killed a five-headed hydra
 16693 | Lair:3   | Found a hazy altar of Hepliaklqana.
 17111 | Lair:4   | Found a staircase to the Snake Pit.
 17317 | Lair:4   | Noticed a seven-headed hydra
 17327 | Lair:4   | Killed a seven-headed hydra
 17328 | Lair:4   | Reached skill level 22 in Axes
 17328 | Lair:4   | Reached XP level 13. HP: 38/124 MP: 5/12
 17654 | Lair:4   | Reached skill level 1 in Evocations
 18468 | Lair:4   | Reached skill level 5 in Evocations
 18733 | Lair:4   | Found a staircase to the Swamp.
 19380 | Lair:4   | Found the +8 whip "Snakebite" {venom, curare, rPois}
 19679 | Lair:5   | Found a frozen archway.
 19799 | IceCv    | Entered an ice cave
 19848 | IceCv    | Found a transporter.
 19871 | IceCv    | Found a transporter.
 19880 | IceCv    | Reached skill level 1 in Shields
 20169 | Lair:5   | Found a runed translucent door.
 20232 | Lair:5   | Reached skill level 5 in Shields
 20718 | Lair:5   | Reached ***** piety under Trog
 21263 | Lair:5   | Found a runed translucent door.
 21288 | Lair:5   | Noticed Ludaler's ghost (journeyman DDGl)
 21592 | Lair:6   | Entered Level 6 of the Lair of Beasts
 21689 | Lair:6   | Reached XP level 14. HP: 120/132 MP: 11/13
 21742 | Lair:6   | Reached skill level 10 in Shields
 22147 | Lair:6   | Identified the +3 plate armour of the Monkey's Uncle
                  | {Str+6}
 22367 | D:8      | Bought a scroll of teleportation for 33 gold pieces
 22367 | D:8      | Bought a scroll of acquirement for 572 gold pieces
 22368 | D:8      | Acquired the +1 hat of Refuge {Str+3 Dex+4 SInv}
 22369 | D:8      | Acquired the +3 pair of gauntlets of War {Slay+5}
 22369 | D:8      | Found the +3 pair of gauntlets of War {Slay+5}
 22803 | Lair:6   | Noticed Grim's ghost (journeyman MiBe)
 22804 | Lair:6   | Found a transporter.
 22807 | Lair:6   | Found a viscous altar of Jiyva.
 22808 | Lair:6   | Found a staircase to the Slime Pits.
 22810 | Lair:6   | Found a transporter.
 23094 | Lair:6   | Reached skill level 5 in Armour
 23351 | Lair:6   | Noticed an azure jelly
 23364 | Lair:6   | Killed an azure jelly
 23976 | D:12     | Noticed Nessos
 23993 | D:12     | Killed Nessos
 24269 | D:12     | Reached skill level 5 in Dodging
 24306 | D:12     | Noticed Kirke
 24321 | D:12     | Killed Kirke
 24569 | D:12     | Found a shimmering blue altar of Sif Muna.
 24598 | D:12     | Noticed Sonja
 24607 | D:12     | Killed Sonja
 25110 | D:13     | Found a gate to the Vaults.
 25110 | D:13     | Noticed an ironbound preserver
 25125 | D:13     | Killed an ironbound preserver
 25204 | D:13     | Reached skill level 10 in Armour
 25811 | D:14     | Found a runed translucent gate.
 25839 | D:14     | Reached XP level 15. HP: 132/138 MP: 12/14
 26065 | D:14     | Noticed a storm dragon
 26092 | D:14     | Killed a storm dragon
 26243 | D:14     | Reached ****** piety under Trog
 26450 | D:14     | Noticed a frost giant
 26458 | D:14     | Killed a frost giant
 26889 | D:14     | Found a runed translucent gate.
 26889 | D:14     | Found a runed translucent gate.
 26889 | D:14     | Noticed an acid blob
 26889 | D:14     | Noticed a rockslime
 26889 | D:14     | Noticed a rockslime
 26889 | D:14     | Noticed Jakan's ghost (adept VSIE)
 26890 | D:14     | Noticed an acid blob
 26890 | D:14     | Noticed a rockslime
 27288 | D:14     | Found a viscous altar of Jiyva.
 27305 | D:15     | Entered Level 15 of the Dungeon
 27506 | D:15     | Found a staircase to the Depths.
 28290 | D:15     | Found a snail-covered altar of Cheibriados.
 28576 | Orc:1    | Entered Level 1 of the Orcish Mines
 28630 | Orc:1    | Noticed an orc warlord
 28656 | D:11     | Killed an orc warlord
 29047 | Orc:2    | Entered Level 2 of the Orcish Mines
 29469 | Orc:2    | Received a gift from Trog
 29539 | Orc:2    | Reached XP level 16. HP: 146/146 MP: 15/15
 29549 | Orc:2    | Found a staircase to the Elven Halls.
 29903 | Orc:2    | Received a gift from Trog
 30081 | Orc:2    | Found Kavedyt's Assorted Antiques.
 30184 | Orc:2    | Found Ohuen's Antique Weapon Shop.
 30540 | Orc:2    | Found Gaufyl's Magic Scroll Emporium.
 30565 | Orc:2    | Found Gijikh's Book Shoppe.
 31227 | Elf:1    | Entered Level 1 of the Elven Halls
 31539 | Orc:2    | Reached skill level 15 in Shields
 32144 | Orc:2    | Received a gift from Trog
 32292 | Elf:1    | Cast into level 3 of the Abyss (a deep elf demonologist)
 32307 | Elf:1    | Escaped the Abyss
 32485 | Elf:1    | Reached skill level 15 in Fighting
 32865 | Elf:1    | Found Qaekon's Jewellery Shoppe.
 32865 | Elf:1    | Noticed Frances
 32866 | Elf:1    | Found Daupp's Book Shop.
 32875 | Elf:1    | Killed Frances
 32916 | Elf:1    | Found Gemey's Jewellery Shoppe.
 32922 | Elf:1    | Bought the ring of Accord {Drain rPois rF+ rCorr Stlth+}
                  | for 585 gold pieces
 33517 | Elf:1    | Found a shimmering altar of Xom.
 33610 | Elf:2    | Found Wom Puom's Book Emporium.
 33939 | Elf:2    | Noticed a Hell Sentinel
 34090 | Elf:2    | Paralysed by an air elemental for 1 turns
 34187 | Elf:2    | Found a runed translucent gate.
 34188 | Elf:2    | Found a runed translucent gate.
 34223 | Elf:2    | Reached XP level 17. HP: 145/161 MP: 16/16
 34592 | Elf:2    | Received a gift from Trog
 34654 | Elf:2    | Found a runed translucent gate.
 34838 | Elf:2    | Found a huge runed translucent gate.
 34838 | Elf:2    | Found a huge runed translucent gate.
 34838 | Elf:2    | Found a huge runed translucent gate.
 34838 | Elf:2    | Found a huge runed translucent gate.
 34839 | Elf:2    | Found a huge runed translucent gate.
 35718 | Swamp:1  | Entered Level 1 of the Swamp
 35718 | Swamp:1  | You fall into a shaft and drop 1 floor!
 35923 | Swamp:2  | Identified Roxanne's Papyrus of Shape Shifting
 35923 | Swamp:2  | Noticed Roxanne
 37069 | Elf:1    | Bought a ring of flight for 262 gold pieces
 38657 | Swamp:2  | Killed Roxanne
 39943 | Swamp:3  | Received a gift from Trog
 40389 | Swamp:3  | Identified the +3 dagger of Pageziet {flame, Str+3 Dex+3
                  | Stlth+}
 40412 | Swamp:4  | Entered Level 4 of the Swamp
 41120 | Swamp:4  | Gained mutation: You sometimes lose the ability to read
                  | scrolls when taking damage. [a neqoxec]
 41124 | Swamp:4  | Gained mutation: Your body sometimes deteriorates upon
                  | taking damage. [a neqoxec]
 41135 | Swamp:4  | Gained mutation: You do not regenerate when monsters are
                  | visible. [a neqoxec]
 41140 | Swamp:4  | Paralysed by a fenstrider witch for 3 turns
 41142 | Swamp:4  | Reached XP level 18. HP: 152/184 MP: 17/17
 41149 | Swamp:4  | Lost mutation: Your body sometimes deteriorates upon taking
                  | damage. [potion of mutation]
 41149 | Swamp:4  | Lost mutation: You sometimes lose the ability to read
                  | scrolls when taking damage. [potion of mutation]
 41149 | Swamp:4  | Lost mutation: You do not regenerate when monsters are
                  | visible. [potion of mutation]
 41149 | Swamp:4  | Gained mutation: Armour fits poorly on your strangely
                  | shaped body. [potion of mutation]
 41149 | Swamp:4  | Gained mutation: You have a pair of large horns on your
                  | head. [potion of mutation]
 41150 | Swamp:4  | Lost mutation: You have a pair of large horns on your head.
                  | [potion of mutation]
 41150 | Swamp:4  | Lost mutation: Armour fits poorly on your strangely shaped
                  | body. [potion of mutation]
 41150 | Swamp:4  | Gained mutation: You have large cloven feet. [potion of
                  | mutation]
 41150 | Swamp:4  | Gained mutation: You have a somewhat thin skeletal
                  | structure. (Dex +2, Stealth+) [potion of mutation]
 41304 | Swamp:4  | Paralysed by a fenstrider witch for 4 turns
 42279 | Swamp:4  | Noticed a tentacled monstrosity
 42283 | Swamp:4  | Paralysed by a fenstrider witch for 4 turns
 42303 | Swamp:4  | Killed a tentacled monstrosity
 42680 | Swamp:4  | Got a decaying rune of Zot
 42931 | Swamp:4  | Noticed a tentacled monstrosity
 42944 | Swamp:4  | Killed a tentacled monstrosity
 43344 | Snake:1  | Entered Level 1 of the Snake Pit
 43564 | Lair:4   | Reached skill level 15 in Armour
 44243 | Snake:1  | Noticed Aizul
 44263 | Snake:1  | Killed Aizul
 44271 | Snake:1  | Noticed Donald
 44299 | Snake:1  | Killed Donald
 44697 | Snake:1  | Received a gift from Trog
 44746 | Snake:1  | Found Kixkuquw's Antique Armour Boutique.
 45066 | Snake:1  | Identified the +1 chain mail of Elyvilon's Benevolence
                  | {Int+5}
 45077 | Snake:1  | Bought a faintly glowing plate armour for 1092 gold pieces
 45077 | Snake:1  | Identified the +2 plate armour "Jiugah" {Harm Will+++ rCorr
                  | Str-4} (You bought it in a shop on level 1 of the Snake
                  | Pit)
 45706 | Snake:2  | Noticed Vashnia
 45770 | Snake:2  | Killed Vashnia
 48224 | Snake:3  | Received a gift from Trog
 48268 | Snake:3  | Reached XP level 19. HP: 166/193 MP: 9/18
 48588 | Snake:4  | Entered Level 4 of the Snake Pit
 48588 | Snake:4  | Noticed Mlioglotl
 48993 | Snake:4  | Killed Mlioglotl
 49237 | Snake:4  | Noticed Agnes
 49285 | Snake:4  | Killed Agnes
 49986 | Snake:4  | Noticed Saint Roka
 50023 | Snake:4  | Killed Saint Roka
 50024 | Snake:4  | Noticed Bai Suzhen
 50036 | Snake:4  | Killed Bai Suzhen
 50857 | Snake:4  | Received a gift from Trog
 52442 | Snake:4  | Got a serpentine rune of Zot
 52736 | Lair:4   | Identified the +4 chain mail of Noughts and Crosses {Str+8
                  | Int-5}
 52825 | Lair:5   | Killed Ludaler's ghost
 52930 | Lair:5   | Identified the +9 whip of Plog {vorpal, Int+5 Stlth-}
 52933 | Lair:5   | Found a runed translucent gate.
 52933 | Lair:5   | Found a runed translucent gate.
 52933 | Lair:5   | Found a runed translucent gate.
 52933 | Lair:5   | Found a runed translucent gate.
 52933 | Lair:5   | Found a runed translucent gate.
 52933 | Lair:5   | Found a runed translucent gate.
 52976 | Lair:5   | Received a gift from Trog
 53212 | Lair:6   | Killed Grim's ghost
 53430 | Lair:2   | Killed Zaczunit's ghost
 53859 | Vaults:1 | Entered Level 1 of the Vaults
 54451 | Vaults:1 | Reached XP level 20. HP: 199/202 MP: 19/19
 55483 | Vaults:2 | Identified the +11 war axe of Trog's Pride {vorpal, Str+3}
                  | (Trog gifted it to you on level 2 of the Vaults)
 55483 | Vaults:2 | Received a gift from Trog
 55484 | Vaults:2 | Reached skill level 23 in Axes
 56495 | Vaults:2 | Reached skill level 24 in Axes
 57595 | Vaults:2 | Received a gift from Trog
 58000 | Vaults:3 | Found a white marble altar of Elyvilon.
 58001 | Vaults:3 | Found a glowing silver altar of Zin.
 58004 | Vaults:3 | Found a crumbling gateway.
 58014 | Vaults:3 | Found a glowing golden altar of the Shining One.
 58106 | Desolati | Entered the Desolation of Salt
 58632 | Desolati | Killed from afar by a servant of whispers

Illustrated notes

Levels and vault maps discovered:
D:1:      dpeg_arrival_arbitrary_c, layout_basic
D:2:      layout_basic, hellmonk_ecumenical_altar_arch_garden, st_stairs_12,
          uniq_natasha
D:3:      layout_rooms, serial_forest, infiniplex_forest_lined_corner,
          infiniplex_forest_straight_3, infiniplex_forest_lined_2,
          infiniplex_forest_straight_5, infiniplex_forest_lined_3,
          infiniplex_forest_diagonal, infiniplex_forest_clump_diagonal,
          chequers_serial_rivers_micro_c, st_stairs_1, minmay_shallow_snake_nest
D:4:      minmay_diamond_boxcup, layout_rooms, serial_shops,
          nicolae_square_shop, nicolae_stop_n_shop_2, shop, minivault_1
D:5:      layout_basic, mainiacjoe_overflow_alcove_4, ebering_ghost_sewer_d
D:6:      layout_basic, corexii_checkpoint_a
D:7:      layout_loops_ring, mainiacjoe_overflow_cross_hatched,
          gammafunk_ghost_split
D:8:      layout_rooms, serial_shops, shop, grunt_ministairs_7, minivault_22,
          minmay_misc_feat_hallway, minmay_lizard_king
D:9:      layout_loops_ring, lair_entry_dummy, laboratory
D:10:     wad_cavern_with_rooms, layout_rooms, serial_shops, nicolae_shop_stone,
          uniq_nergalle
D:11:     layout_basic, minmay_orc_entry_temple_small, uniq_erica, uniq_erolcha,
          uniq_josephine
D:12:     layout_loops_ring, nicolae_sif_muna_little_library, uniq_sonja,
          uniq_kirke, uniq_nessos
D:13:     layout_basic, skrybe_vaults_entry_preservation
D:14:     evilmike_diamond_1, layout_basic, gammafunk_ghost_ooze,
          solitary_fountain, drop_trap, minmay_three_doors
D:15:     grunt_enter_depths_hoard, layout_cave_pools, cheibriados_altar_1
Lair:1:   layout_cave_pods, cheibrodos_lair_caveside_slide, grunt_megastairs_1,
          uniq_fannar
Lair:2:   layout_chaotic_city, ebering_ghost_funeral_grove, minivault_19,
          infiniplex_staircase_pool, uniq_gastronok, uniq_urug
Lair:3:   layout_cellular_growth, basic_altar
Lair:4:   minmay_guarded_unrand_snakebite, layout_gridlike,
          palyth_hydra_swamp_entry
Lair:5:   gammafunk_indiana_jones, layout_small_grid,
          ebering_ghost_reflecting_pool, portal_ice_cave_rime,
          grunt_megastairs_3, lemuel_fruit_tree
Lair:6:   hangedman_lair_tendril_chambers, layout_regular_city, slime_altar_1,
          gammafunk_ghost_hive, st_stairs_4, nicolae_lair_time_for_slime
Swamp:1:  layout_falls_marsh, nicolae_swamp_some_circles
Swamp:2:  layout_falls_marsh, serial_swamp_ruin, evilmike_swamp_ruin_house_6,
          evilmike_swamp_ruin_house_3, uniq_roxanne
Swamp:3:  nicolae_swamp_decorative_isthmus, layout_basic_swamp,
          evilmike_swamp_ruin_house_5, nicolae_swamp_bean_lake
Swamp:4:  nzn_swamp_witches_coven, layout_basic_swamp,
          infiniplex_staircase_pool_2
Snake:1:  layout_cave_shapes, serial_shops, shop, special_room, uniq_donald,
          uniq_aizul
Snake:2:  layout_basic, grunt_megastairs_2, uniq_vashnia
Snake:3:  layout_chambers
Snake:4:  grunt_snake_rune_serpentine_throne, layout_chambers,
          nicolae_snake_mages_go_home, uniq_bai_suzhen, uniq_saint_roka,
          uniq_agnes, uniq_mlioglotl
Orc:1:    layout_diamond_mine
Orc:2:    pubby_orc_utopia
Elf:1:    elf_arrival_002, layout_geoelf_diagonals, basic_altar,
          hangedman_corner_corridor, einodemon_crawler_minivault,
          grunt_megastairs_5, minmay_shop_grove, uniq_frances
Elf:2:    elven_hall_of_blades_hangedman_alternative
          [nicolae_blade_little_rooms], layout_loops_cross, serial_shops,
          nicolae_shop_window_shopping, nicolae_elf_hall_of_bonks, uniq_nikola
Vaults:1: v_alt_pattern_1, vaults_dpeg_cross, v_misc_30,
          ontoclasm_vaults_loading_screen, nicolae_vaults_alarming,
          vaults_mumra_hexcomb, layout_vaults_omnigrid
Vaults:2: vaults_dpeg_doors, ontoclasm_vaults_gateway, v_misc_3,
          vaults_room_semicircle, hangedman_vaults_nails,
          hangedman_vaults_slice, hangedman_vaults_stitches, v_alt_pattern_5,
          hangedman_vaults_restitches, vaults_room_pools,
          nicolae_vaults_asterisk, layout_vaults_chaotic_city
Vaults:3: portal_desolation_entry_holy_temple, grunt_vaults_twisty,
          hangedman_vaults_cutoff, minmay_crypt_entry_vampire_xt,
          nicolae_vaults_little_squares_3, nicolae_vaults_yaktaur_gun_rack,
          nicolae_vaults_specimen_jars, layout_vaults_omnicross, serial_shops,
          shop, uniq_jory
Desolation

Skill      XL: |  1  2  3  4  5  6  7  8  9 10 11 12 13 14 15 16 17 18 19 20 |
---------------+-------------------------------------------------------------+-----
Axes           | 4 5 6 7 8 10 12 14 16 18 22 24 | 24.8
Fighting       | 4 5 6 7 9 10 12 13 14 17 21 22 | 22.9
Evocations     | 7 |  7.0
Shields        | 9 11 12 15 | 15.4
Armour         | 10 14 18 22 | 22.7
Dodging        | 6 9 |  9.7

Action                   |  1- 3 |  4- 6 |  7- 9 | 10-12 | 13-15 | 16-18 | 19-21 || total
-------------------------+-------+-------+-------+-------+-------+-------+-------++-------
Melee: Hand axe          |    77 |       |       |       |       |       |       ||    77
       Headbutt          |    17 |    31 |    65 |   122 |   336 |   486 |   406 ||  1463
       Dagger            |    19 |    60 |       |       |       |       |       ||    79
       Whip              |       |   112 |   309 |   350 |  1222 |  1699 |  1115 ||  4807
       Punch             |       |     1 |     6 |     4 |     3 |       |       ||    14
       Battleaxe         |       |       |       |   176 |    82 |       |       ||   258
Invok: Berserk           |       |     4 |     4 |    12 |     6 |     7 |       ||    33
       Trog's Hand       |       |       |       |     7 |     3 |     8 |     3 ||    21
       Brothers in Arms  |       |       |       |     1 |     1 |     5 |     5 ||    12
  Use: Scroll            |       |     3 |     2 |     5 |    12 |    11 |     3 ||    36
       Potion            |       |       |       |       |       |     7 |     2 ||     9
 Stab: Distracted        |       |       |       |       |     2 |       |       ||     2
Armor: Animal skin       |    18 |    20 |     1 |       |       |       |       ||    39
       Chain mail        |       |       |   110 |   171 |   392 |   432 |   245 ||  1350
Dodge: Dodged            |    74 |    91 |   153 |   226 |   477 |   439 |   299 ||  1759
Block: Buckler           |       |       |       |       |   377 |   880 |   610 ||  1867
       Reflection        |       |       |       |       |     3 |    84 |    59 ||   146

Table legend: (Time is in decaauts)
 A = Elapsed time spent in this place.
 B = Non-inter-level travel time spent in this place.
 C = Inter-level travel time spent in this place.
 D = Time resting spent in this place.
 E = Time spent auto-exploring this place.
 F = Levels seen in this place.
 G = Mean time per level.
                   A        B        C        D        E       F      G
               +--------+--------+--------+--------+--------+-----+--------+
         Total |  56842 |  52498 |   4344 |  12432 |  32942 |  39 | 1457.5 |
       Dungeon |  18088 |  16918 |   1170 |   1896 |  12874 |  15 | 1205.9 |
          Lair |  12380 |  10623 |   1757 |   2534 |   6848 |   6 | 2063.3 |
         Swamp |   6490 |   6161 |    329 |   2653 |   2702 |   4 | 1622.5 |
     Snake Pit |   8309 |   7975 |    334 |   2689 |   4135 |   4 | 2077.2 |
  Orcish Mines |   3469 |   3100 |    369 |    823 |   1699 |   2 | 1734.5 |
   Elven Halls |   3290 |   3008 |    282 |    600 |   1826 |   2 | 1645.0 |
        Vaults |   4056 |   3955 |    101 |    739 |   2788 |   3 | 1352.0 |
         Abyss |     14 |     14 |      0 |      0 |      0 |   1 |   14.0 |
      Ice Cave |    247 |    247 |      0 |     66 |     68 |   1 |  247.0 |
    Desolation |    494 |    494 |      0 |    429 |      0 |   1 |  494.0 |
               +--------+--------+--------+--------+--------+-----+--------+

Top non-repeatable levels by time:
  Lair:4: 3405 daAuts
 Snake:4: 3379 daAuts
   Orc:2: 3015 daAuts
 Swamp:4: 2363 daAuts
 Snake:3: 2345 daAuts
 Swamp:2: 2283 daAuts
Vaults:2: 2008 daAuts
  Lair:5: 1978 daAuts
Vaults:1: 1941 daAuts
  Lair:6: 1854 daAuts
  Lair:2: 1823 daAuts
   Elf:1: 1817 daAuts
  Lair:1: 1813 daAuts
    D:11: 1768 daAuts
     D:2: 1577 daAuts
